 Dungeon Crawl Stone Soup version 0.27-a0-631-g2d681adce0 (webtiles) character file.

Game seed: 10412482334636946370

24 Azzok the Skirmisher (level 2, 0/24 HPs)
             Began as a Demonspawn Berserker on Mar 13, 2021.
             Was a Follower of Trog.
             Slain by a worm (5 damage)
             ... on level 2 of the Dungeon.
             The game lasted 00:00:57 (1266 turns).

Azzok the Skirmisher (Demonspawn Berserker)         Turns: 1266, Time: 00:00:58

Health: 0/24       AC:  2    Str: 17    XL:     2   Next: 79%
Magic:  2/2        EV: 12    Int:  8    God:    Trog [*.....]
Gold:   70         SH:  0    Dex: 12    Spells: 1/1 levels left

rFire    + . .     SeeInvis .   a - +0 hand axe
rCold    + . .     Faith    .   (no shield)
rNeg     . . .     Spirit   .   b - +0 animal skin
rPois    .         Reflect  .   (helmet restricted)
rElec    .         Harm     .   j - scarf {rC+ rF+}
rCorr    .         Rampage  .   (no gloves)
Will     .....                  (no boots)
Stlth    +.........             (no amulet)
HPRegen  0.08/turn              (no ring)
MPRegen  0.08/turn              (no ring)

@: no status effects
A: antennae 1
a: Renounce Religion, Berserk


You were on level 2 of the Dungeon.
You worshipped Trog.
Trog was aware of your devotion.
You visited 1 branch of the dungeon, and saw 2 of its levels.

You collected 70 gold pieces.

Inventory:

Hand Weapons
 a - a +0 hand axe (weapon)
Armour
 b - a +0 animal skin (worn)
 j - a scarf of resistance (worn)
Scrolls
 d - a scroll of amnesia {unknown}
 e - a scroll of teleportation {unknown}
 g - a scroll of fear {unknown}
 h - 2 scrolls of enchant armour {unknown}
 k - a scroll of immolation {unknown}
 m - a scroll of magic mapping {unknown}
Potions
 c - a potion of brilliance {unknown}
 f - a potion of lignification {unknown}
 i - a potion of curing {unknown}
 l - a potion of mutation {unknown}
 n - a potion of heal wounds {unknown}


   Skills:
 + Level 3.4 Fighting
 + Level 3.1 Axes
 + Level 2.2 Armour
 - Level 1.7 Dodging


You had one spell level left.
You didn't know any spells.
Your spell library was empty.

Dungeon Overview and Level Annotations

Branches:
Dungeon (2/15)

Altars:


Innate Abilities, Weirdness & Mutations

You have a pair of small antennae on your head.


Message History

a +0 club; a hobgoblin corpse You hit the kobold.
The kobold is moderately wounded.
The kobold barely misses you.
You hit the kobold.
You kill the kobold!
Trog accepts your kill.
You see here a +0 club.
You hit the worm.
The worm is moderately wounded.
You hit the worm but do no damage.
The worm is moderately wounded.
The worm closely misses you.
You hit the worm but do no damage.
The worm is moderately wounded.
The worm misses you.
You hit the worm.
The worm is moderately wounded.
The worm misses you.
You hit the worm.
The worm is heavily wounded.
You hit the worm.
The worm is severely wounded.
The worm bites you.
You hit the worm.
The worm is almost dead.
The worm bites you.
You hit the worm but do no damage.
The worm is almost dead.
You hit the worm but do no damage.
The worm is almost dead.
The worm bites you!
* * * LOW HITPOINT WARNING * * *
You hit the worm but do no damage.
The worm is severely wounded.
The worm barely misses you.
You hit the worm.
The worm is severely wounded.
The worm bites you.
You die...

▒▒▒▒··▒▒▒▒▒▒··▒▒▒▒·······▒▒
▒··▒ ▒····)·········· ▒··▒
▒··▒▒▒▒·······▒·
▒··▒▒▒▒▒▒··▒ ▒▒········
▒··▒▒······▒ ▒········
▒··▒▒·▒▒▒··▒ ▒······▒▒▒·
▒·<▒ ▒··▒▒▒·····▒▒
▒··▒▒·▒▒▒)·········▒
▒········)@w·······▒
▒▒··▒▒▒·▒···▒······· ▒··▒
▒·····▒·····▒▒· ▒·▒
▒·▒·▒▒▒▒▒··▒▒ ▒▒ ··▒▒·? ··
▒·· $·▒ ··· ··· ▒▒▒ ▒▒·▒
▒·▒


You could see a worm.

Vanquished Creatures
  2 dart slugs (D:1)
  A giant cockroach (D:2)
  A hobgoblin (D:2)
  A quokka (D:2)
  A bat (D:2)
  4 frilled lizards
  8 kobolds
  6 rats
24 creatures vanquished.

Notes
Turn   | Place    | Note
-------+----------+-------------------------------------------
     0 | D:1      | Azzok the Demonspawn Berserker began the quest for the Orb.
     0 | D:1      | Reached XP level 1. HP: 18/18 MP: 1/1
   433 | D:1      | Gained mutation: You have a pair of small antennae on your
                  | head. [demonic ancestry]
   433 | D:1      | Reached XP level 2. HP: 22/24 MP: 2/2
  1266 | D:2      | Slain by a worm

Illustrated notes

Levels and vault maps discovered:
D:1:      lightli_arrival_maybe_door_vault, layout_basic, serial_forest,
          infiniplex_forest_straight_2, infiniplex_forest_lined_3_way,
          infiniplex_forest_zigzag_1, infiniplex_forest_clump_tiny,
          infiniplex_forest_lined_room_2, infiniplex_forest_clump_tiny,
          infiniplex_forest_clump_small
D:2:      layout_loops_ring

Skill      XL: |  1  2 |
---------------+-------+-----
Armour         | 2 |  2.2
Axes           | 3 |  3.1
Fighting       | |  3.4
Dodging        | |  1.7

Action                   || total
-------------------------++-------
Melee: Hand axe          ||    72
Armor: Animal skin       ||     8
Dodge: Dodged            ||    43

Table legend: (Time is in decaauts)
 A = Elapsed time spent in this place.
 B = Non-inter-level travel time spent in this place.
 C = Inter-level travel time spent in this place.
 D = Time resting spent in this place.
 E = Time spent auto-exploring this place.
 F = Levels seen in this place.
 G = Mean time per level.
                   A        B        C        D        E       F      G
               +--------+--------+--------+--------+--------+-----+--------+
         Total |   1276 |   1197 |     79 |      0 |   1009 |   2 |  638.0 |
       Dungeon |   1276 |   1197 |     79 |      0 |   1009 |   2 |  638.0 |
               +--------+--------+--------+--------+--------+-----+--------+

Top non-repeatable levels by time:
     D:1: 1076 daAuts
     D:2: 199 daAuts
